 Dungeon Crawl Stone Soup version 0.26.1-11-gd32895ea62 (webtiles) character file.

Game seed: 10908814983472608605

448 Zeld the Cudgeller (level 7, -2/45 HPs)
             Began as an Octopode Warper on May 16, 2021.
             Slain by a sky beast (4 damage)
             ... on level 5 of the Dungeon.
             The game lasted 00:05:24 (6127 turns).

Zeld the Cudgeller (Octopode Warper)                Turns: 6127, Time: 00:05:24

Health: -2/45      AC:  1    Str: 12    XL:     7   Next: 3%
Magic:  11/13      EV: 13    Int: 15    God:
Gold:   188        SH:  0    Dex: 12    Spells: 3/14 levels left

rFire    . . .     SeeInvis .   a - +0 mace
rCold    . . .     Faith    .   (no shield)
rNeg     . . .     Spirit   .   (helmet restricted)
rPois    .         Reflect  .   (no amulet)
rElec    .         Harm     .   (no ring)
rCorr    .         Rampage  .   (no ring)
Will     .....                  (no ring)
Stlth    ++........             (no ring)
HPRegen  0.15/turn              (no ring)
MPRegen  0.13/turn              (no ring)
                                (no ring)
                                (no ring)

@: no status effects
A: almost no armour, stealthy swim, amphibious, 8 rings, constrict 8, camouflage
1, gelatinous body 1
a: no special abilities


You were on level 5 of the Dungeon.
You visited 1 branch of the dungeon, and saw 5 of its levels.

You collected 188 gold pieces.

Inventory:

Hand Weapons
 a - a +0 mace (weapon)
 w - a +2 vorpal mace
Missiles
 b - 5 boomerangs of dispersal
 t - 5 boomerangs (quivered)
Jewellery
 j - an uncursed amulet of faith {unknown}
 m - an uncursed amulet of reflection {unknown}
 o - a +6 ring of dexterity {unknown}
Scrolls
 c - 2 scrolls of blinking
 e - 5 scrolls of identify {unknown}
 h - a scroll of immolation {unknown}
 i - a scroll of enchant armour {unknown}
 l - a scroll of amnesia {unknown}
 n - 2 scrolls of remove curse {unknown}
 p - 2 scrolls of enchant weapon {unknown}
 u - a scroll of magic mapping {unknown}
 y - a scroll of teleportation {unknown}
Potions
 d - a potion of might {unknown}
 f - a potion of magic {unknown}
 g - 2 potions of haste {unknown}
 k - a potion of cancellation {unknown}
 q - a potion of invisibility {unknown}
 r - a potion of resistance {unknown}
 s - a potion of degeneration {unknown}
 v - 2 potions of berserk rage {unknown}
 x - 2 potions of curing {unknown}
 z - a potion of heal wounds {unknown}
 A - a potion of attraction {unknown}
 B - a potion of brilliance {unknown}


   Skills:
 - Level 2.0 Fighting
 * Level 6.1 Maces & Flails
 - Level 1.0 Throwing
 - Level 2.3 Dodging
 + Level 4.1 Spellcasting
 - Level 3.0 Translocations


You had 3 spell levels left.
You knew the following spells:

 Your Spells              Type           Power        Failure   Level
a - Blink                 Tloc           N/A          8%          2
b - Gell's Gravitas       Tloc           6%           16%         3
c - Lesser Beckoning      Tloc           6%           16%         3
d - Teleport Other        Tloc           12%          16%         3

Your spell library contained the following spells:

 Spells                   Type           Power        Failure   Level
 Corona                   Hex            3%           19%         1
 Confusing Touch          Hex            3%           47%         3
 Passage of Golubria      Tloc           N/A          45%         4
 Petrify                  Tmut/Erth      3%           87%         4
 Metabolic Englaciation   Hex/Ice        1%           99%         5
 Yara's Violent Unravell  Hex/Tmut       1%           99%         5


Dungeon Overview and Level Annotations

Branches:
Dungeon (5/15)
 Temple: D:4-7

Altars:
Dithmenos
Elyvilon
Kikubaaqudgha
Okawaru
Sif Muna
Trog

Annotations:
D:5 2 runed translucent doors, 0gre's ghost, novice GnIE


Innate Abilities, Weirdness & Mutations

You cannot wear most types of armour.
You are very stealthy in the water. (Stealth+)
You are amphibious.
You can wear up to eight rings at the same time.
You can use your tentacles to constrict eight enemies at once.
Your skin changes colour to match your surroundings (Stealth+).
Your rubbery body absorbs attacks. (AC +1, EV +1)


Message History

The sky beast hits you. The sky beast shocks you. The frilled lizard bites you.
You closely miss the sky beast.
The sky beast is lightly wounded.
The sky beast flickers out of sight!
Deactivating autopickup; reactivate with Ctrl-A.
Something hits you. Something shocks you.
The frilled lizard bites you but does no damage.
You are too injured to fight recklessly!
Something hits you. Something shocks you.
* * * LOW HITPOINT WARNING * * *
Something hits you.
* * * LOW HITPOINT WARNING * * *
Something shocks you.
* * * LOW HITPOINT WARNING * * *
A sky beast appears from thin air!
Reactivating autopickup.
Casting: Blink (safe; 8% risk of failure)
Confirm with . or Enter, or press ? or * to list all spells.
You blink.
The sky beast hits you.
You die...

#.................
#.................
#.................
#.................
#....).......#+#.#
#................#
####§<.###+##..#.#.# ##....##
#..Y....#SSB##.#.#.. #......##
####l.@....#WB≈##.#.#..
....$...###≈.........#r≈≈#....#..
.....$..#...########.#≈≈≈#....#..
..$..$..#.### #.#≈(≈#....#.#
...$$...#.# #.#≈≈≈####.#.#
#......##l# ###≈≈≈ #...#
#....##..# #≈≈≈####....
##''##..## #≈≈≈#....... #..#..##
##+##.####.#


You could see a sky beast and a frilled lizard.

Vanquished Creatures
  A scorpion (D:4)
  2 hounds (D:4)
  2 orc wizards (D:3)
  An iguana (D:4)
  4 worker ants (D:4)
  3 gnolls (D:3)
  4 adders
  2 oozes (D:2)
  2 adder skeletons (D:4)
  2 leopard geckos
  14 orcs
  8 bats
  3 giant cockroaches
  5 goblins
  4 hobgoblins
  11 jackals
  A quokka (D:4)
  A ball python (D:3)
  3 frilled lizards
  5 rats
78 creatures vanquished.

Notes
Turn   | Place    | Note
-------+----------+-------------------------------------------
     0 | D:1      | Zeld the Octopode Warper began the quest for the Orb.
     0 | D:1      | Reached XP level 1. HP: 14/14 MP: 3/3
   299 | D:1      | Reached XP level 2. HP: 19/19 MP: 5/5
   842 | D:1      | Learned a level 2 spell: Blink
   969 | D:2      | Reached skill level 3 in Maces & Flails
   969 | D:2      | Reached XP level 3. HP: 17/24 MP: 3/6
  1242 | D:2      | Learned a level 3 spell: Gell's Gravitas
  1899 | D:3      | Found a white marble altar of Elyvilon.
  2515 | D:3      | Reached XP level 4. HP: 29/29 MP: 8/8
  2526 | D:3      | Learned a level 3 spell: Lesser Beckoning
  3098 | D:3      | Found a shimmering blue altar of Sif Muna.
  3122 | D:3      | Reached skill level 4 in Maces & Flails
  3169 | D:3      | Reached XP level 5. HP: 9/34 MP: 9/9
  3979 | D:3      | Found a bloodstained altar of Trog.
  4141 | D:3      | Identified Sif Muna's Volume of the Oath
  4390 | D:4      | Reached skill level 5 in Maces & Flails
  4675 | D:4      | Reached XP level 6. HP: 39/39 MP: 11/11
  4679 | D:4      | Learned a level 3 spell: Teleport Other
  4941 | D:4      | Found a shadowy altar of Dithmenos.
  5496 | D:4      | Reached skill level 6 in Maces & Flails
  5496 | D:4      | Reached XP level 7. HP: 38/45 MP: 13/13
  5498 | D:4      | Found an ancient bone altar of Kikubaaqudgha.
  5702 | D:5      | Entered Level 5 of the Dungeon
  5716 | D:5      | Found an iron altar of Okawaru.
  5767 | D:5      | Found a runed translucent door.
  5925 | D:5      | Noticed 0gre's ghost (novice GnIE)
  5969 | D:5      | Found a runed translucent door.
  6116 | D:5      | HP: 1/45 [something (6)]
  6127 | D:5      | Slain by a sky beast

Illustrated notes

Levels and vault maps discovered:
D:1:      dpeg_arrival_round_c, layout_loops_ring, st_stairs_3
D:2:      layout_loops_ring
D:3:      layout_basic, led_sif_book, elyvilon_altar_1, trog_book
D:4:      layout_loops_ring, kennysheep_little_box,
          nicolae_overflow_hidden_temple
D:5:      minmay_polygon_palace, layout_basic, lemuel_round_altar,
          ebering_ghost_sewer_f

Skill      XL: |  1  2  3  4  5  6 |
---------------+-------------------+-----
Maces & Flails | 3 4 5 6 |  6.1
Spellcasting   | 3 4 |  4.1
Fighting       | |  2.0
Throwing       | |  1.0
Dodging        | |  2.3
Translocations | |  3.0

Action                   |  1- 3 |  4- 6 |  7- 9 || total
-------------------------+-------+-------+-------++-------
Melee: Mace              |    66 |   118 |     7 ||   191
       Constrict         |    16 |    32 |     1 ||    49
       Tentacles         |     8 |    25 |       ||    33
 Cast: Blink             |     3 |       |     1 ||     4
       Gell's Gravitas   |     2 |       |       ||     2
 Stab: Sleeping          |     7 |     7 |       ||    14
Armor: Skin              |     7 |     2 |     1 ||    10
Dodge: Dodged            |    56 |    69 |     9 ||   134
